 Dungeon Crawl Stone Soup version 0.28.0-43-g3370ac3207 (webtiles) character file.

Game seed: 10289500872086870585

340 Peloso the Covered (level 6, 0/56 HPs)
             Began as a Minotaur Fighter on Mar 3, 2022.
             Was an Initiate of Okawaru.
             Slain by a black bear (1 damage)
             ... on level 5 of the Dungeon.
             The game lasted 00:08:18 (3703 turns).

Peloso the Covered (Minotaur Fighter)               Turns: 3703, Time: 00:08:18

Health: 0/56       AC:  7    Str: 20    XL:     6   Next: 30%
Magic:  5/5        EV:  9    Int:  5    God:    Okawaru [......]
Gold:   137        SH:  5    Dex: 12    Spells: 5/5 levels left

rFire   . . .      SeeInvis .   a - +0 long sword
rCold   . . .      Faith    .   c - +0 buckler
rNeg    . . .      Spirit   .   b - +0 scale mail
rPois   .          Reflect  .   (helmet restricted)
rElec   .          Harm     .   (no cloak)
rCorr   +          Rampage  .   (no gloves)
Will    .....                   (no boots)
Stlth   ..........              (no amulet)
HPRegen 0.18/turn               g - ring of resist corrosion
MPRegen 0.09/turn               (no ring)

@: no status effects
A: horns 2, retaliatory headbutt
a: Renounce Religion


You were on level 5 of the Dungeon.
You worshipped Okawaru.
Okawaru was noncommittal.
You visited 1 branch of the dungeon, and saw 5 of its levels.

You collected 137 gold pieces.

Inventory:

Hand Weapons
 a - a +0 long sword (weapon)
Armour
 b - a +0 scale mail (worn)
 c - a +0 buckler (worn)
Jewellery
 d - the ring "Dableong" {Fire Drain rPois MP+9 Dex-3}
   (You found it on level 4 of the Dungeon)

   [ring of fire]

   It enhances your fire magic.
   Dex:       It affects your dexterity (-3).
   rF:        It protects you from fire.
   rC:        It makes you vulnerable to cold.
   rPois:     It protects you from poison.
   MP:        It affects your magic capacity (+9).
   Drain:     It drains your maximum health when unequipped.
 g - a ring of resist corrosion (left hand)
 i - a ring of magical power
 q - the ring "Cofol" {Fly rF+ MP+9}
   (You found it on level 4 of the Dungeon)

   [ring of flight]

   rF:        It protects you from fire.
   MP:        It affects your magic capacity (+9).
   Fly:       It grants you flight.
Scrolls
 e - 7 scrolls of identify {unknown}
 f - 3 scrolls of teleportation {unknown}
 j - a scroll of fog {unknown}
 k - a scroll of enchant weapon {unknown}
 l - a scroll of noise {unknown}
 m - a scroll of vulnerability {unknown}
 o - a scroll of holy word {unknown}
 p - a scroll of blinking {unknown}
Potions
 h - a potion of curing
 n - a potion of mutation {unknown}


   Skills:
 + Level 5.1 Fighting
 + Level 4.7 Long Blades
 + Level 5.3 Armour
 + Level 1.4 Dodging
 + Level 0.2 Stealth
 + Level 4.7 Shields


You had 5 spell levels left.
You didn't know any spells.
Your spell library contained the following spells:

 Spells                   Type           Power      Damage    Failure   Level
 Pain                     Necr           0%         1d4       88%         1
 Sting                    Tmut/Pois      0%         1d3       88%         1
 Poisonous Vapours        Pois/Air       0%         N/A       95%         2
 Vampiric Draining        Necr           0%         2d6       99%         3
 Olgreb's Toxic Radiance  Pois           0%         N/A       100%        4
 Animate Skeleton         Necr           Unusable   N/A       N/A         1

Dungeon Overview and Level Annotations

Branches:
Dungeon (5/15)
 Temple: D:4-7

Altars:
Okawaru

Shops:
D:1 [=*?

Annotations:
D:2 stanza segreta


Innate Abilities, Weirdness & Mutations

You have a pair of horns on your head.
You reflexively headbutt those who attack you in melee.


Message History

The two-headed ogre shouts in stereo!
Found a hunting sling.
There is a stone staircase leading up here.
There are monsters nearby!
You slash the two-headed ogre!
The two-headed ogre is moderately wounded.
The two-headed ogre barely misses you.
The two-headed ogre hits you with a +0 giant club!
You slash the two-headed ogre!
Your headbutt misses the two-headed ogre.
The two-headed ogre is heavily wounded.
The two-headed ogre barely misses you. x2
You barely miss the two-headed ogre.
The two-headed ogre is moderately wounded.
An ice beast comes into view.
You slash the two-headed ogre!
The two-headed ogre is heavily wounded.
The two-headed ogre hits you with a +0 giant spiked club!!
The two-headed ogre hits you with a +0 giant club!!
* * * LOW HITPOINT WARNING * * *
The quokka bites you but does no damage.
Okay, then.
It was a potion of curing.
You feel better.
The quokka bites you but does no damage.
The two-headed ogre completely misses you.
You furiously retaliate!
You headbutt the two-headed ogre.
The two-headed ogre hits you with a +0 giant club!
* * * LOW HITPOINT WARNING * * *
Okay, then.
The quokka twitches its whiskers.
Found a book of Debilitation.
A black bear comes into view.
The black bear growls angrily.
The black bear bites you.
* * * LOW HITPOINT WARNING * * *
The black bear claws you but does no damage. x2
The black bear bites you.
* * * LOW HITPOINT WARNING * * *
You block the black bear's attack. The black bear claws you.
You die...

##... #.... #.... ####
#...< ..... ########
#.... .....##......#
##O.. .............#
+....
.......h.r...#+#####....
.......@Y..O............
......:.................
........................
##########+##+##########


You could see a two-headed ogre, a black bear, an ice beast and a quokka.

Vanquished Creatures
  A bullfrog (D:3)
  A scorpion (D:4)
  A jelly (D:4)
  4 gnolls
  4 adders
  2 worms
  2 dart slugs (D:1)
  14 orcs
  8 bats
  6 endoplasms
  3 giant cockroaches
  7 hobgoblins
  8 jackals
  5 kobolds
  2 quokkas
  11 ball pythons
  3 frilled lizards (D:2)
  4 goblins
  8 rats
94 creatures vanquished.

Notes
Turn   | Place    | Note
-------+----------+-------------------------------------------
     0 | D:1      | Peloso the Minotaur Fighter began the quest for the Orb.
     0 | D:1      | Reached XP level 1. HP: 19/19 MP: 0/0
    34 | D:1      | Found Iwizow's Magic Scroll Boutique.
    55 | D:1      | Found Daerpho's Jewellery Shop.
   263 | D:1      | Reached XP level 2. HP: 24/27 MP: 1/1
   456 | D:1      | Found Sisheseg's Armour Boutique.
   643 | D:1      | Reached XP level 3. HP: 33/33 MP: 2/2
   655 | D:1      | Found a faded altar of an unknown god.
   802 | D:1      | Found Xunais's General Store.
   910 | D:2      | You fall into a shaft and drop 2 floors!
   960 | D:4      | Noticed a scorpion
   969 | D:4      | Killed a scorpion
   970 | D:4      | Reached XP level 4. HP: 38/40 MP: 3/3
  1032 | D:4      | Identified the ring "Dableong" {Fire Drain rPois MP+9
                  | Dex-3}
  1337 | D:4      | Reached skill level 1 in Dodging
  1466 | D:3      | Reached XP level 5. HP: 39/46 MP: 4/4
  1784 | D:2      | Reached skill level 5 in Armour
  2699 | D:3      | Reached XP level 6. HP: 46/53 MP: 5/5
  3084 | D:4      | Reached skill level 5 in Fighting
  3122 | D:4      | Identified the ring "Cofol" {Fly rF+ MP+9}
  3141 | D:4      | Found an iron altar of Okawaru.
  3648 | D:4      | Became a worshipper of Warmaster Okawaru
  3681 | D:5      | Entered Level 5 of the Dungeon
  3681 | D:5      | Noticed a two-headed ogre
  3684 | D:5      | Noticed an ice beast
  3703 | D:5      | HP: 1/56 [black bear (5)]
  3703 | D:5      | Slain by a black bear

Illustrated notes

Levels and vault maps discovered:
D:1:      onia_arrival_pentagram, layout_basic, serial_shops,
          nicolae_shop_waterfront, shop, nicolae_diamond_shop,
          nicolae_shop_crystal, shapermc_ecumenical_altar_mp_urbaneastern,
          minmay_misc_feat_rugged, minmay_ruptured
D:2:      layout_rooms, hangedman_glass_teeth, lightli_corner_chamber
D:3:      layout_basic, minmay_close_crescents
D:4:      layout_basic, marbit_many_paths
D:5:      minmay_clustersquares, layout_gridville, minmay_misc_feat_iff,
          minivault_25, minmay_misc_feat_encased

Skill      XL: |  1  2  3  4  5  6 |
---------------+-------------------+-----
Shields        | 4 |  4.7
Armour         | 4 5 |  5.3
Fighting       | 4 5 |  5.1
Long Blades    | 3 4 |  4.7
Dodging        | 1 |  1.4
Stealth        | |  0.2

Action                   |  1- 3 |  4- 6 || total
-------------------------+-------+-------++-------
Melee: Long sword        |    68 |   144 ||   212
       Headbutt          |     8 |    22 ||    30
  Use: Potion            |     1 |     1 ||     2
Armor: Scale mail        |    42 |    73 ||   115
Dodge: Dodged            |    37 |    74 ||   111
Block: Buckler           |    20 |    40 ||    60
